 Dungeon Crawl Stone Soup version 0.31-a0-188-g5e087ee2ca (webtiles) character file.

Game seed: 14726741141660833614

45 Hubris850 the Digger (level 3, -3/19 HPs)
             Began as a Deep Elf Earth Elementalist on June 23, 2023.
             Slain by Sigmund
             ... wielding a +0 scythe
              (6 damage)
             ... on level 2 of the Dungeon.
             The game lasted 00:02:54 (1103 turns).

Hubris850 the Digger (Deep Elf Earth Elementalist)  Turns: 1103, Time: 00:02:54

Health: -3/19      AC:  2    Str:  7    XL:     3   Next: 42%
Magic:  7/10       EV: 13    Int: 19    God:
Gold:   30         SH:  0    Dex: 15    Spells: 8/9 levels left

rFire   . . .        c - +0 short sword
rCold   . . .        (no shield)
rNeg    + . .        a - +0 robe
rPois   .            (no helmet)
rElec   .            (no cloak)
rCorr   .            (no gloves)
SInv    .            (no boots)
Will    .....        (no amulet)
Stlth   ++           k - ring of positive energy
HPRegen 0.23/turn    (no ring)
MPRegen 0.12/turn

%: no passive effects
@: mighty, very slightly contaminated
A: no striking features
a: no special abilities


You were on level 2 of the Dungeon.
You visited 1 branch of the dungeon, and saw 2 of its levels.

You collected 30 gold pieces.

Inventory:

Hand Weapons
 c - a +0 short sword (weapon)
 l - a +0 rapier
Armour
 a - a +0 robe (worn)
Jewellery
 h - a ring of ice
 k - a ring of positive energy (left hand)
Scrolls
 d - a scroll of enchant armour {unknown}
 e - 2 scrolls of identify {unknown}
 g - a scroll of amnesia {unknown}
 j - a scroll of noise {unknown}
Potions
 b - a potion of magic
 f - 2 potions of might
 i - 2 potions of haste {unknown}


   Skills:
 + Level 3.1 Dodging
 - Level 3.0 Stealth
 + Level 3.5 Spellcasting
 + Level 2.0 Transmutations
 + Level 3.6 Earth Magic


You had 8 spell levels left.
You knew the following spells:

 Your Spells              Type           Power      Damage    Failure   Level
a - Sandblast             Erth           34%        2d9       3%          1

Your spell library contained the following spells:

 Spells                   Type           Power      Damage    Failure   Level
 Passwall                 Tmut/Erth      11%        N/A       7%          2
 Stone Arrow              Conj/Erth      20%        3d8       21%         3
 Petrify                  Tmut/Erth      14%        N/A       41%         4


Dungeon Overview and Level Annotations

Branches:
Dungeon (2/15)

Altars:

Shops:
D:1 !

Annotations:
D:2 Sigmund


Message History

A kobold comes into view. It is wielding a +0 dagger.
A goblin comes into view. It is wielding a +0 club.
Found a book of Touch.
The goblin shouts!
The kobold shouts!
The kobold throws a stone.
The stone misses you.
Found a stone staircase leading up.
A bat comes into view.
The kobold throws a stone.
The stone hits you.
The bat moves out of view.
The blast of sand hits the goblin!
You kill the goblin!
The kobold throws a stone.
The stone hits you but does no damage.
An endoplasm comes into view.
The blast of sand hits the kobold!
You kill the kobold!
The endoplasm quivers.
Sigmund the Dreaded comes into view.
He is wielding a +0 scythe and wearing a +2 robe of willpower.
Sigmund shouts!
Sigmund screams, "Only death can liberate you!"
It was a potion of might.
You feel very mighty all of a sudden.
The blast of sand hits the endoplasm!
You kill the endoplasm!
Your Transmutations skill increases to level 2!
You miscast Sandblast.
You are very lightly contaminated with residual magic.
Nothing appears to happen.
The blast of sand misses Sigmund.
Sigmund barely misses you. Sigmund hits you with a +0 scythe!
You closely miss Sigmund. You barely miss Sigmund.
Sigmund points at you and mumbles some strange words.
The puff of flame hits you!
* * * LOW HITPOINT WARNING * * *
You closely miss Sigmund. Sigmund looks at you with fury.
Sigmund gestures wildly while chanting.
Sigmund flickers and vanishes!
Deactivating autopickup; reactivate with Ctrl-A.
You barely miss something. Something hits you.
You die...

#.####...#.. ..##.........#
.............# #####
#..).....†# #...#
+..)......###...#.#
#...........†.†.†.#+##
........J....######....#
#<#...##...#{######....# #
#........#@##........####
........$.#.##...........#
....#.##...#.##.....)[....#
....#. #.#.#..'...........#
# #.#.####......(....#
..#). ##+#+##†....# ####..
............# .........#<.#
.........##.#


There were no monsters in sight!

Vanquished Creatures
  6 bats
  6 endoplasms
  A giant cockroach (D:1)
  5 goblins
  3 hobgoblins (D:1)
  3 jackals (D:2)
  4 kobolds
  2 quokkas (D:1)
  3 ball pythons
  4 frilled lizards
  2 rats
39 creatures vanquished.

Notes
Turn   | Place    | Note
-------+----------+-------------------------------------------
     0 | D:1      | Hubris850 the Deep Elf Earth Elementalist began the quest
                  | for the Orb.
     0 | D:1      | Reached XP level 1. HP: 10/10 MP: 6/6
   104 | D:1      | Reached XP level 2. HP: 15/15 MP: 6/8
   539 | D:1      | Found Hevvorr's Distillery.
   789 | D:1      | Reached XP level 3. HP: 19/19 MP: 7/9
  1085 | D:2      | Noticed Sigmund
  1103 | D:2      | Slain by Sigmund

Illustrated notes

Levels and vault maps discovered:
D:1:      shiori_arrival_oz, layout_basic, serial_shops,
          nicolae_shop_hallway_stairs, minmay_tripent
D:2:      layout_basic, kennysheep_small_spiral, uniq_sigmund

Skill      XL: |  1  2  3 |
---------------+----------+-----
Stealth        | 3 |  3.0
Dodging        | 3 |  3.1
Transmutations | 2 |  2.0
Spellcasting   | |  3.5
Earth Magic    | |  3.6

Action                     || total
---------------------------++-------
  Melee: Short sword       ||     8
   Cast: Sandblast         ||    46
    Use: Potion            ||     1
 Armour: Robe              ||     1
  Dodge: Dodged            ||     6

Table legend: (Time is in decaauts)
 A = Elapsed time spent in this place.
 B = Non-inter-level travel time spent in this place.
 C = Inter-level travel time spent in this place.
 D = Time resting spent in this place.
 E = Time spent auto-exploring this place.
 F = Levels seen in this place.
 G = Mean time per level.
                   A        B        C        D        E       F      G
               +--------+--------+--------+--------+--------+-----+--------+
         Total |   1123 |   1097 |     26 |     57 |    821 |   2 |  561.5 |
       Dungeon |   1123 |   1097 |     26 |     57 |    821 |   2 |  561.5 |
               +--------+--------+--------+--------+--------+-----+--------+

Top non-repeatable levels by time:
     D:1: 845 daAuts
     D:2: 278 daAuts
